 Dungeon Crawl Stone Soup version 0.19.1 (webtiles) character file.

240 SQman the Covered (level 5, 0/45 HPs)
             Began as a Demigod Fighter on Dec 6, 2016.
             Slain by Blork the orc
             ... wielding a +0 mace
              (8 damage)
             ... on level 4 of the Dungeon.
             The game lasted 00:20:12 (2827 turns).

SQman the Covered (Demigod Fighter)                 Turns: 2827, Time: 00:20:13

Health: 0/45       AC:  7    Str: 21    XL:     5   Next: 50%
Magic:  7/7        EV:  8    Int: 12    God:
Gold:   187        SH: 10    Dex: 15    Spells: 0 memorised, 4 levels left

rFire  + . .     SeeInvis .     a - +2 long sword
rCold  x . .     Gourm    +     b - +0 scale mail
rNeg   . . .     Faith    .     c - +0 shield
rPois  .         Spirit   .     (no helmet)
rElec  .         Reflect  .     (no cloak)
rCorr  .         Harm     .     (no gloves)
MR     .....                    (no boots)
Stlth  ..........               l - amulet of the gourmand
                                (no ring)
                                h - ring of fire

@: no status effects
A: high mp 1
a: no special abilities


You were on level 4 of the Dungeon.
You were not hungry.

You visited 1 branch of the dungeon, and saw 4 of its levels.

You collected 187 gold pieces.

Inventory:

Hand Weapons
 a - a +2 long sword (weapon)
 m - a +0 falchion
 o - a +0 hunting sling
Missiles
 e - 153 stones (quivered)
 j - 36 poisoned needles
 k - 10 tomahawks
 n - 2 javelins
Armour
 b - a +0 scale mail (worn)
 c - a +0 shield (worn)
Jewellery
 h - a ring of fire (left hand)
 l - an amulet of the gourmand (around neck)
 u - an uncursed ring of loudness
Wands
 t - a wand of flame (17/48)
Scrolls
 r - a scroll of fog
 s - a scroll of remove curse
 w - a scroll of amnesia
Potions
 d - a potion of might
 i - a potion of ambrosia
 q - 3 potions of flight
 v - a potion of haste {unknown}
 A - a potion of degeneration {unknown}
Comestibles
 f - 3 bread rations
 g - a slice of pizza
 x - a meat ration
 z - 6 chunks of flesh


   Skills:
 + Level 3.3 Fighting
 + Level 3.3 Long Blades
 + Level 3.8 Armour
 + Level 1.0 Dodging
 + Level 0.2 Stealth
 + Level 3.6 Shields


You had 4 spell levels left.
You didn't know any spells.

Dungeon Overview and Level Annotations

Branches:
Dungeon (4/15)
 Temple: D:4-7

Shops:
D:4 (

Annotations:
D:4 Blork the orc, Natasha


Innate Abilities, Weirdness & Mutations

You have an increased reservoir of magic. (+10% MP)


Message History

Zapping:
t - a wand of flame (will waste charges)
Press: ? - help, Shift-Dir - straight line The puff of flame hits something.
Evoking this partially-identified wand wasted a few charges.
Something hits you but does no damage.
You hit something. You block something's attack.
You hear some strange, mumbled words.
A puff of frost appears from out of thin air!
The puff of frost misses you.
You closely miss something.
You hear some strange, mumbled words.
A magic dart appears from out of thin air!
The magic dart hits you!
* * * LOW HITPOINT WARNING * * *
Something hits you but does no damage.
You hit something.
You hear some strange, mumbled words.
A puff of frost appears from out of thin air!
The puff of frost misses you. Something hits you!
You die...

#.#.# # #.#.# # #.#.# # #.#.#
# #.#.# # #.#.# # #.#)#
#############
#.#.############............
#.........{@....#...#...#...
###........รท###.............
#.........# ###.[.#...#...
#.........# #............
#.........# #############
#.........# #.........#
#.........# #.........#


There were no monsters in sight!

Vanquished Creatures
  2 orc wizards (D:3)
  Natasha (D:4)
  8 adders
  An ooze (D:2)
  2 worms
  3 dart slugs
  3 leopard geckos
  2 orcs (D:3)
  8 bats
  5 giant cockroaches
  5 goblins
  15 hobgoblins
  4 kobolds
  A quokka (D:3)
  A ball python (D:1)
  6 frilled lizards
  8 rats
  A fungus (D:1)
76 creatures vanquished.

Notes
Turn   | Place    | Note
-------+----------+-------------------------------------------
     0 | D:1      | SQman the Demigod Fighter began the quest for the Orb.
     0 | D:1      | Reached XP level 1. HP: 18/18 MP: 3/3
   210 | D:1      | Reached XP level 2. HP: 25/25 MP: 4/4
   847 | D:2      | Reached XP level 3. HP: 24/31 MP: 5/5
  1364 | D:2      | Reached XP level 4. HP: 26/38 MP: 6/6
  1555 | D:3      | Found a snail-covered altar of Cheibriados.
  2096 | D:3      | Reached XP level 5. HP: 45/45 MP: 7/7
  2545 | D:4      | Found Tatec's Antique Weapon Shoppe.
  2559 | D:4      | Found a faded altar of an unknown god.
  2559 | D:4      | Found an iron altar of Okawaru.
  2625 | D:4      | Found a sparkling altar of Nemelex Xobeh.
  2632 | D:4      | Found a faded altar of an unknown god.
  2634 | D:4      | Found a basalt altar of Yredelemnul.
  2680 | D:4      | Noticed Natasha
  2686 | D:4      | Killed Natasha
  2686 | D:4      | Reached skill level 1 in Dodging
  2706 | D:4      | Noticed Natasha
  2714 | D:4      | HP: 1/45 [Natasha (5)]
  2725 | D:4      | Found a glowing silver altar of Zin.
  2800 | D:4      | Noticed Blork the orc
  2827 | D:4      | Slain by Blork the orc

Skill      XL: |  1  2  3  4  5 |
---------------+----------------+-----
Long Blades    | 2 3 |  3.3
Fighting       | 3 |  3.3
Shields        | 3 |  3.6
Armour         | 3 |  3.8
Dodging        | 1 |  1.0
Stealth        | |  0.2

Action                   |  1- 3 |  4- 6 || total
-------------------------+-------+-------++-------
Melee: Long sword        |   167 |   130 ||   297
Evoke: Wand              |       |     1 ||     1
  Use: Potion            |     6 |     3 ||     9
       Scroll            |     5 |     8 ||    13
  Eat: Chunk             |     4 |       ||     4
       Meat ration       |       |     1 ||     1
Armor: Scale mail        |    78 |    45 ||   123
Dodge: Dodged            |    64 |    52 ||   116
Block: Shield            |    91 |    74 ||   165
       Rpst.: Long sword |    24 |    16 ||    40
